 Dungeon Crawl Stone Soup version 0.20-a0-1124-g2e29d97 (webtiles) character file.

120 Kikal the Ruffian (level 4, -4/37 HPs)
             Began as a Mummy Monk on May 15, 2017.
             Slain by an iron imp (7 damage)
             ... summoned by Natasha
             ... on level 2 of the Dungeon.
             The game lasted 00:07:37 (3221 turns).

Kikal the Ruffian (Mummy Monk)                      Turns: 3221, Time: 00:07:39

Health: -4/37      AC:  3    Str: 15    XL:     4   Next: 75%
Magic:  4/4        EV: 13    Int:  9    God:
Gold:   178        SH:  0    Dex: 14    Spells: 3/3 levels left

rFire    x . .     SeeInvis .     - Unarmed
rCold    + . .     Gourm    .   (no shield)
rNeg     + + +     Faith    .   a - +0 robe
rPois    ∞         Spirit   .   l - +0 helmet
rElec    .         Reflect  .   (no cloak)
rCorr    .         Harm     .   (no gloves)
MR       .....                  (no boots)
Stlth    ++........             (no amulet)
Regen    0.2/turn               (no ring)
MPRegen  0.1/turn               (no ring)

@: slowed, very slow
A: no food or potions, fire vulnerability, cold resistance 1, negative energy
resistance 3, torment resistance, unbreathing
a: no special abilities


You were on level 2 of the Dungeon.
You were not hungry.

You visited 1 branch of the dungeon, and saw 2 of its levels.

You collected 178 gold pieces.

Inventory:

Hand Weapons
 d - a cursed -1 hunting sling
Missiles
 e - 68 stones (quivered)
Armour
 a - a +0 robe (worn)
 k - a +0 scale mail
 l - a +0 helmet (worn)
Jewellery
 j - an uncursed amulet of faith
Scrolls
 b - 5 scrolls of identify {unknown}
 c - 3 scrolls of blinking {unknown}
 f - a scroll of enchant armour {unknown}
 g - a scroll of noise {unknown}
 h - a scroll of remove curse {unknown}
 i - a scroll of fear {unknown}
 m - a scroll of fog {unknown}


   Skills:
 + Level 3.9 Fighting
 - Level 2.4 Dodging
 - Level 1.5 Stealth
 * Level 4.0 Unarmed Combat


You had 3 spell levels left.
You didn't know any spells.

Dungeon Overview and Level Annotations

Branches:
Dungeon (2/15)

Altars:

Annotations:
D:2 Natasha


Innate Abilities, Weirdness & Mutations

You do not eat or drink.
Your flesh is vulnerable to fire.
You are immune to poison.
Your flesh is cold resistant. (rC+)
You are immune to negative energy. (rN+++)
You are immune to unholy pain and torment.
You can survive without breathing.


Message History

You hit Natasha.
Natasha is heavily wounded.
Natasha closely misses you. The iron imp hits you!
You take 7 damage, and have 26/37 hp.
You hit Natasha.
Natasha is severely wounded.
Natasha misses you. The iron imp hits you. Natasha claws you.
You take 8 damage, and have 18/37 hp.
MASSIVE DAMAGE!!
You barely miss Natasha.
Natasha is severely wounded.
The iron imp hits you!
* * * LOW HITPOINT WARNING * * *
Natasha claws you.
* * * LOW HITPOINT WARNING * * *
You take 15 damage, and have 3/37 hp.
MASSIVE DAMAGE!!
You can't drink.
You barely miss Natasha.
Natasha is severely wounded.
The iron imp hits you!
You die...

#.##########.#
#.#....#...#.#############
#.#..#.#.#.(..............
########)#.#..#.###.#############
......##.#.##.#...#.###
......'.............>.###########
......##.#.##.#..##...#.....[...#
...............#.##...#.#######.#
########.#.##...@h#...#†#.....#)#
#####.#..#....5....#.#.###.#†#
#.....#.####..#....#.#.# #.#.#
#.#####.####...#...#...# #.#.#
#.# #.......#.#...#### #.#.#
#.###########.##..... #.#.#
####!#..^.!.............#####.#.#
.....##.##!#..................#.#
#######.##.#.......#.##########.#


You could see an iron imp and Natasha.

Vanquished Creatures
  Natasha (D:2)
  Robin (D:2)
  An adder (D:2)
  An ooze (D:2)
  2 worms (D:2)
  2 dart slugs (D:1)
  2 leopard geckos (D:1)
  A ball python (D:1)
  2 giant cockroaches (D:2)
  14 goblins
  6 hobgoblins
  7 bats
  A frilled lizard (D:1)
  7 kobolds
  6 rats
54 creatures vanquished.

Notes
Turn   | Place    | Note
-------+----------+-------------------------------------------
     0 | D:1      | Kikal the Mummy Monk began the quest for the Orb.
     0 | D:1      | Reached XP level 1. HP: 18/18 MP: 1/1
   282 | D:1      | Reached XP level 2. HP: 22/24 MP: 2/2
   445 | D:1      | Reached skill level 3 in Unarmed Combat
  1067 | D:1      | Reached XP level 3. HP: 15/29 MP: 3/3
  2166 | D:2      | Reached XP level 4. HP: 30/37 MP: 4/4
  2323 | D:2      | Noticed Robin
  2343 | D:2      | Killed Robin
  2922 | D:2      | Noticed Natasha
  2934 | D:2      | Killed Natasha
  2934 | D:2      | Reached skill level 4 in Unarmed Combat
  3208 | D:2      | Noticed Natasha
  3221 | D:2      | Slain by an iron imp

Vault maps used:
D:1:      dpeg_arrival_rhombus
D:2:      uniq_natasha, uniq_robin

Skill      XL: |  1  2  3  4 |
---------------+-------------+-----
Unarmed Combat | 3 4 |  4.0
Fighting       | |  3.9
Dodging        | |  2.4
Stealth        | |  1.5

Action                   |  1- 3 |  4- 6 || total
-------------------------+-------+-------++-------
Melee: Unarmed           |   161 |    47 ||   208
       Punch             |     4 |     1 ||     5
 Stab: Sleeping          |     5 |       ||     5
Armor: Robe              |    30 |     4 ||    34
Dodge: Dodged            |    91 |    17 ||   108
